 Dungeon Crawl Stone Soup version 0.17.1-1-g73c8601 (webtiles) character file.

571 skittles the Slasher (level 7, -4/36 HPs)
             Began as a Vine Stalker Fighter on Dec 24, 2015.
             Was an Initiate of Nemelex Xobeh.
             Slain by an ogre
             ... wielding a +0 giant club
              (6 damage)
             ... on level 5 of the Dungeon.
             The game lasted 00:13:03 (4194 turns).

skittles the Slasher (Vine Stalker Fighter)         Turns: 4194, Time: 00:13:04

Health: -4/36      AC:  9    Str: 20    XL:     7   Next: 34%
Magic:  0/9        EV:  7    Int:  9    God:    Nemelex Xobeh [......]
Gold:   378        SH: 10    Dex: 17    Spells: 0 memorised, 6 levels left

rFire  . . .     SeeInvis .     a - +1 long sword
rCold  . . .     Clarity  .     b - +0 scale mail
rNeg   . . .     SustAt   .     c - +0 shield
rPois  .         Gourm    .     (no helmet)
rElec  .         Spirit   +     l - +0 cloak
rCorr  .         Warding  .     t - +1 pair of gloves
rMut   .         Stasis   .     (no boots)
MR     .....                    z - amulet "Jomev" {Inacc Dex+4}
Stlth  ..........               (no ring)
                                (no ring)

@: not resistant to hostile enchantments, extremely unstealthy
A: fangs 2, regeneration 2, magic shield, antimagic bite, no device heal 3, rot
immunity
a: Renounce Religion


You were on level 5 of the Dungeon.
You worshipped Nemelex Xobeh.
Nemelex Xobeh was noncommittal.
You were not hungry.

You visited 2 branches of the dungeon, and saw 6 of its levels.

You collected 378 gold pieces.

Inventory:

Hand Weapons
 a - a +1 long sword (weapon)
 f - a +0 falchion
 B - a cursed -2 shortbow
Missiles
 n - 2 throwing nets (quivered)
 C - 25 arrows
Armour
 b - a +0 scale mail (worn)
 c - a +0 shield (worn)
 l - a +0 cloak (worn)
 t - a +1 pair of gloves (worn)
Jewellery
 z - the amulet "Jomev" (around neck) {Inacc Dex+4}
   (You found it on level 4 of the Dungeon)

   [amulet of inaccuracy]

   It reduces the accuracy of all your attacks.
   It affects your dexterity (+4).
Wands
 o - a wand of cold (6)
 p - a wand of disintegration (14)
 v - a wand of teleportation (5)
 x - a wand of teleportation (3)
 y - a wand of slowing (25)
Scrolls
 e - a scroll of immolation
 h - 3 scrolls of remove curse
 j - 4 scrolls of teleportation
Potions
 d - a potion of might
 i - 2 potions of lignification
 q - a potion of heal wounds
 s - a potion of haste
 u - 3 potions of curing
 w - a potion of cancellation {unknown}
 A - a potion of flight
Miscellaneous
 m - a plain deck of war {drawn: 1}
Comestibles
 g - a meat ration
 k - 2 beef jerkies
 r - 4 bread rations


   Skills:
 + Level 3.5 Fighting
 * Level 5.3 Long Blades
 - Level 2.4 Armour
 - Level 4.5 Shields
 + Level 1.3 Evocations


You had 6 spell levels left.
You didn't know any spells.

Dungeon Overview and Level Annotations

Branches:
Dungeon (5/15)             Temple (1/1) D:5

Altars:
Ashenzari
Elyvilon
Gozag
Kikubaaqudgha
Makhleb
Nemelex Xobeh
Okawaru
Qazlal
Sif Muna
Trog
Zin

Shops:
D:4 (


Innate Abilities, Weirdness & Mutations

You have extremely sharp teeth.
You heal very quickly.
When hurt, damage is shared between your health and your magic reserves.
Your bite disrupts and absorbs the magic of your enemies.
Potions and wands cannot restore your health.
You are immune to rotting.


Message History

The ogre is heavily wounded.
Your aura of abjuration expires.
The ogre hits you with a giant club!
You slash the ogre! You bite the ogre. You drain its power.
You feel invigorated.
The ogre is almost dead.
The ogre hits you with a giant club!!
* * * LOW HITPOINT WARNING * * *
Your shield and scale mail prevent you from hitting the ogre.
The ogre is almost dead.
The ogre barely misses you.
You barely miss the ogre.
The ogre is almost dead.
The ogre hits you with a giant club.
* * * LOW HITPOINT WARNING * * *
You barely miss the ogre. You bite the ogre, but do no damage.
The ogre is almost dead.
The ogre hits you with a giant club.
You die...
Your body disappears without a glow.

#.........# #.........#
#.........# +.........#
#.........###########
#...................#
###+#...................#
.....##+##..............#
.....#...'.....O@.......#
.....'...#..............#
.....#...#..............#
.....#####..............#
.....# #####..........#
.....# #..........#
.....# #..........#
.....# #..........#
###### ############


You could see an ogre.

Vanquished Creatures
  A phantom (D:5)
  A centaur (D:5)
  2 orc wizards (D:4)
  A centaur skeleton (D:4)
  2 hounds (D:4)
  4 worker ants
  Robin (D:2)
  A worker ant zombie (D:3)
  5 adders
  A shadow imp (D:5)
  2 worms
  2 orcs (D:4)
  6 giant cockroaches
  14 goblins
  9 hobgoblins
  6 kobolds
  2 quokkas
  A ball python (D:1)
  11 bats
  4 giant geckos
  4 giant newts
  5 rats
85 creatures vanquished.

Notes
Turn   | Place    | Note
--------------------------------------------------------------
     0 | D:1      | skittles the Vine Stalker Fighter began the quest for the Orb.
     0 | D:1      | Reached XP level 1. HP: 11/11 MP: 2/2
   333 | D:1      | Reached XP level 2. HP: 16/16 MP: 3/3
   384 | D:1      | Reached skill level 3 in Shields
   705 | D:1      | Reached XP level 3. HP: 19/19 MP: 2/4
  1441 | D:2      | Noticed Robin
  1446 | D:2      | Killed Robin
  1446 | D:2      | Reached XP level 4. HP: 23/23 MP: 5/5
  2147 | D:3      | Found a shattered altar of Ashenzari.
  2236 | D:3      | Reached XP level 5. HP: 27/27 MP: 6/6
  2564 | D:3      | Reached skill level 4 in Shields
  3070 | D:4      | Gained mutation: You heal very quickly. [Vine Stalker growth]
  3070 | D:4      | Reached XP level 6. HP: 22/32 MP: 4/7
  3106 | D:4      | Found a sparkling altar of Nemelex Xobeh.
  3325 | D:4      | Got a brightly glowing emerald amulet
  3338 | D:4      | Found Edigyet's Antique Weapon Shop.
  3564 | D:4      | Became a worshipper of Nemelex Xobeh the Trickster
  3602 | D:5      | Entered Level 5 of the Dungeon
  3620 | D:5      | Received a gift from Nemelex Xobeh
  3783 | D:5      | Reached skill level 5 in Long Blades
  3783 | D:5      | Reached XP level 7. HP: 32/36 MP: 8/8
  3819 | D:5      | Reached skill level 1 in Evocations
  3820 | D:5      | Found a staircase to the Ecumenical Temple.
  3834 | Temple   | Entered the Ecumenical Temple
  3920 | Temple   | Identified the amulet "Jomev" {Inacc Dex+4} (You found it on level 4 of the Dungeon)
  4045 | D:5      | Found a glowing silver altar of Zin.
  4193 | D:5      | HP: 1/36 [ogre/giant club (4)]
  4194 | D:5      | Slain by an ogre

Action                   |  1- 3 |  4- 6 |  7- 9 || total
-------------------------+-------+-------+-------++-------
Melee: Long sword        |   118 |   154 |    34 ||   306
Evoke: Deck              |       |       |     1 ||     1
  Use: Scroll            |       |    16 |       ||    16
       Potion            |       |     1 |       ||     1
  Eat: Bread ration      |     1 |       |       ||     1
       Meat ration       |       |     1 |       ||     1
       Chunk             |       |     1 |       ||     1
